 Dungeon Crawl Stone Soup version 0.16.2-12-gd0ad4c3 (webtiles) character file.

11258 faibistes the Thaumaturge (level 11, -5/59 HPs)
             Began as a Deep Elf Wizard on July 6, 2019.
             Was the Champion of Sif Muna.
             Slain by an eight-headed hydra (10 damage)
             ... on level 1 of the Lair of Beasts.
             The game lasted 00:54:26 (17207 turns).

faibistes the Thaumaturge (Deep Elf Wizard)        Turns: 17207, Time: 00:54:27

Health: -5/59      AC:  8    Str:  4    XL:     11   Next: 47%
Magic:  25/42      EV: 15    Int: 27    God:    Sif Muna [******]
Gold:   702        SH:  0    Dex: 13    Spells: 9 memorised, 5 levels left

rFire  . . .     SeeInvis .     x - +1 short sword (venom) (curse)
rCold  + . .     Clarity  .     a - +0 robe
rNeg   . . .     SustAb   .     (no shield)
rPois  .         Gourm    .     h - +2 helmet
rElec  .         Spirit   .     X - +0 cloak
rCorr  +         Warding  .     (no gloves)
rMut   .         Stasis   .     u - +1 pair of boots
MR     +....                    f - amulet of resist corrosion
Stlth  ++........               P - ring of magical power
                                B - ring of protection from cold

@: repel missiles, somewhat resistant to hostile enchantments, unstealthy
A: no striking features
a: Channel Energy, Forget Spell, Renounce Religion


You were on level 1 of the Lair of Beasts.
You worshipped Sif Muna.
Sif Muna was exalted by your worship.
You were not hungry.

You visited 3 branches of the dungeon, and saw 14 of its levels.
You also visited: Sewer.

You collected 702 gold pieces.

Inventory:

Hand weapons
 x - a cursed +1 short sword of venom (weapon)
 z - a +0 dagger of electrocution
Armour
 a - a +0 robe (worn)
 h - a +2 helmet (worn)
 u - a +1 pair of boots (worn)
 X - a +0 cloak (worn)
Magical staves
 Q - an uncursed staff of cold
Jewellery
 f - an amulet of resist corrosion (around neck)
 j - an uncursed amulet of warding
 B - a ring of protection from cold (left hand)
 P - a ring of magical power (right hand)
Magical devices
 c - a wand of magic darts (25)
 g - a wand of fireball (2)
 v - a wand of fire (10)
 y - a wand of disintegration (15)
 G - a wand of disintegration (11)
 J - a wand of disintegration (12)
 R - a wand of disintegration (13)
 S - a wand of frost (19)
 W - a wand of cold (5)
Scrolls
 i - a scroll of fog
 l - 4 scrolls of teleportation
 t - a scroll of recharging
 A - a scroll of remove curse
 F - a scroll of enchant armour
 M - a scroll of magic mapping
 N - 2 scrolls of amnesia
 V - a scroll of fear
Potions
 e - 3 potions of flight
 k - 5 potions of curing
 m - 2 potions of haste
 n - 2 potions of cancellation
 o - 2 potions of cure mutation {unknown}
 p - 2 potions of heal wounds
 w - 2 potions of might {unknown}
 D - 2 potions of resistance
 E - a potion of magic {unknown}
 H - a potion of mutation {unknown}
 O - a potion of poison {unknown}
 Z - a potion of restore abilities {unknown}
Comestibles
 b - 5 chunks of flesh
 d - 6 bread rations
 s - 4 beef jerkies
 C - 11 meat rations
 I - 7 slices of pizza
 T - 11 fruits


   Skills:
 + Level 2.6 Fighting
 + Level 7.0 Dodging
 - Level 2.4 Stealth
 * Level 11.1 Spellcasting
 + Level 7.3 Conjurations
 + Level 4.8 Charms
 - Level 5.0 Summonings
 + Level 4.8 Translocations
 - Level 3.0 Transmutations
 * Level 5.7 Fire Magic
 - Level 3.7 Air Magic
 * Level 5.9 Earth Magic
 - Level 2.5 Poison Magic
 * Level 5.3 Invocations
 + Level 4.3 Evocations


You had 5 spell levels left.
You knew the following spells:

 Your Spells              Type           Power        Failure   Level  Hunger
a - Magic Dart            Conj           ####         1%          1    None
b - Conjure Flame         Conj/Fire      ######..     1%          3    None
c - Summon Forest         Summ/Tloc      #####.....   17%         5    ###....
d - Blink                 Tloc           N/A          1%          2    None
e - Mephitic Cloud        Conj/Pois/Air  #####...     1%          3    None
f - Repel Missiles        Chrm/Air       #####.       1%          2    None
g - Petrify               Trmt/Erth      #####...     8%          4    None
h - Call Imp              Summ           #####...     1%          2    None
i - Ignite Poison         Fire/Trmt      #####.....   21%         5    ###....


Dungeon Overview and Level Annotations

Branches:
Dungeon (11/15)            Temple (1/1) D:4            Lair (2/8) D:10
    Orc: D:9-12

Altars:
Ashenzari
Cheibriados
Dithmenos
Elyvilon
Fedhas
Gozag
Kikubaaqudgha
Makhleb
Nemelex Xobeh
Okawaru
Qazlal
Ru
Sif Muna
Trog
Vehumet
Xom
Yredelemnul
Zin
The Shining One
Lugonu


Message History

Casting: Conjure Flame
Confirm with . or Enter, or press ? or * to list all spells.
Aiming: Conjure Flame
Press: ? - help, Dir - move target cursor The fire roars!
The eight-headed hydra is engulfed in roaring flames.
Casting: Conjure Flame
Confirm with . or Enter, or press ? or * to list all spells.
Aiming: Petrify
Press: ? - help, Shift-Dir - straight line, f - eight-headed hydra
Aim: an eight-headed hydra (flame, severely wounded, chance 32%)
The eight-headed hydra easily resists.
The eight-headed hydra is engulfed in roaring flames.
The eight-headed hydra bites you! x3
The eight-headed hydra bites you but does no damage.
The eight-headed hydra misses you. The eight-headed hydra bites you.
The eight-headed hydra bites you!
* * * LOW HITPOINT WARNING * * *
The eight-headed hydra bites you!
You die...

#### #### ### ##.######..#####.#
...................
..................
....?.......#P...# .....###....#
...# .....# #P...# #..# ..
..##.####...###..####...#
.8.####.........@.......#
....#...........D>.......
.>.8............§........
....#...........§......#
....#...........§......# .
#+..............§......## ...
.....##.................# ...
.......#...............#######†..
.#.#....##.......................


You could see an eight-headed hydra.

Vanquished Creatures
  A hydra (D:8)
  A hill giant (D:9)
  2 black mambas (Lair:1)
  2 spiny frogs (Lair:1)
  Psyche (D:9)
  5 trolls
  A wyvern (D:8)
  A basilisk (Lair:1)
  9 yaks
  3 hippogriffs
  2 hungry ghosts
  A porcupine (Lair:1)
  2 orc warriors
  2 water moccasins
  A black bear (Lair:1)
  An ice beast (D:6)
  4 sky beasts
  2 phantoms (D:8)
  A necrophage (D:9)
  3 ogres
  4 centaurs
  6 big kobolds
  Sigmund (D:3)
  12 giant frogs
  3 scorpions
  3 killer bees (D:10)
  4 jellies
  3 goliath beetles
  A centaur zombie (D:9)
  2 crimson imps
  2 giant frog skeletons
  6 orc priests
  7 hounds
  3 orc wizards
  3 iguanas
  12 worker ants
  2 sheep (D:8)
  3 hound skeletons
  A mummy (D:10)
  2 worker ant zombies (D:9)
  17 adders
  10 river rats
  A shadow imp (D:7)
  4 giant mites
  3 worms (D:3)
  An adder skeleton (D:5)
  The ghost of faibistes the Magician, a weakling DEWz (D:3)
  4 giant geckos
  2 oozes (Sewer)
  28 orcs
  18 bats
  A bat skeleton (D:6)
  8 giant cockroaches
  17 goblins
  16 hobgoblins
  2 jackals
  6 quokkas
  7 ball pythons
  5 giant newts
  A giant spore (D:8)
  25 kobolds
  22 rats
  A ballistomycete (D:8)
325 creatures vanquished.

Vanquished Creatures (collateral kills)
  A komodo dragon (Lair:1)
  3 killer bees (D:10)
  An iguana (Lair:1)
  2 river rats (Lair:1)
  A giant mite (D:4)
  4 rats (D:4)
12 creatures vanquished.

Vanquished Creatures (others)
  2 fungi (Lair:1)
  188 snaplasher vine segments (Lair:1)
190 creatures vanquished.

Grand Total: 527 creatures vanquished

Notes
Turn   | Place    | Note
--------------------------------------------------------------
     0 | D:1      | faibistes, the Deep Elf Wizard, began the quest for the Orb.
     0 | D:1      | Reached XP level 1. HP: 10/10 MP: 6/6
   405 | D:1      | Reached XP level 2. HP: 15/15 MP: 7/10
   451 | D:1      | Learned a level 2 spell: Blink
   454 | D:1      | Learned a level 2 spell: Call Imp
  1319 | D:1      | Reached XP level 3. HP: 19/19 MP: 11/13
  1324 | D:1      | Learned a level 3 spell: Conjure Flame
  1328 | D:1      | Learned a level 3 spell: Mephitic Cloud
  1708 | D:2      | Reached skill level 5 in Spellcasting
  2175 | D:2      | Reached XP level 4. HP: 21/24 MP: 3/17
  2288 | D:2      | Learned a level 2 spell: Repel Missiles
  2491 | D:2      | Found a deep blue altar of Sif Muna.
  2496 | D:2      | Became a worshipper of Sif Muna the Loreminder
  2822 | D:3      | Noticed faibistes' ghost (weakling DEWz)
  2832 | D:3      | Noticed Sigmund
  2968 | D:4      | Found a glowing drain.
  2990 | D:4      | Reached XP level 5. HP: 22/28 MP: 12/20
  3045 | D:4      | Reached skill level 6 in Spellcasting
  3132 | Sewer    | Entered a sewer
  3492 | Sewer    | Reached XP level 6. HP: 32/32 MP: 15/22
  3783 | Sewer    | Reached skill level 7 in Spellcasting
  3784 | Sewer    | Acquired Sif Muna's first power
  3944 | D:3      | Killed faibistes' ghost
  3957 | D:3      | Killed Sigmund
  4175 | D:3      | Reached XP level 7. HP: 22/36 MP: 15/25
  5081 | D:4      | Found a staircase to the Ecumenical Temple.
  5121 | D:4      | Reached skill level 1 in Fire Magic
  5148 | Temple   | Entered the Ecumenical Temple
  5376 | D:5      | Entered Level 5 of the Dungeon
  5830 | D:4      | Reached skill level 8 in Spellcasting
  5832 | D:4      | Found a glowing silver altar of Zin.
  6083 | D:5      | Reached skill level 1 in Poison Magic
  6158 | D:5      | Reached skill level 1 in Air Magic
  6196 | D:5      | Acquired Sif Muna's second power
  6196 | D:5      | Reached skill level 5 in Dodging
  6320 | D:5      | Found an opulent altar of Gozag.
  6347 | D:5      | Reached skill level 5 in Conjurations
  6347 | D:5      | Reached XP level 8. HP: 41/41 MP: 17/27
  7285 | D:5      | Reached skill level 9 in Spellcasting
  7342 | D:5      | Learned a level 4 spell: Petrify
  7620 | D:6      | Found a sacrificial altar of Ru.
  7845 | D:6      | Found a blossoming altar of Fedhas.
  7845 | D:6      | Found a shimmering altar of Xom.
  7926 | D:6      | Reached skill level 1 in Earth Magic
  8214 | D:7      | Reached XP level 9. HP: 43/45 MP: 21/29
  8893 | D:6      | Found a snail-covered altar of Cheibriados.
  9230 | D:7      | Learned a level 5 spell: Summon Forest
  9302 | D:8      | Reached skill level 1 in Invocations
  9322 | D:8      | Acquired Sif Muna's third power
  9322 | D:8      | Reached skill level 1 in Transmutations
  9323 | D:8      | Reached skill level 1 in Charms
  9610 | D:7      | Reached skill level 1 in Evocations
 10750 | D:8      | Found a shattered altar of Ashenzari.
 10751 | D:8      | Found a sparkling altar of Nemelex Xobeh.
 10753 | D:8      | Found a shadowy altar of Dithmenos.
 11006 | D:8      | Reached skill level 1 in Fighting
 11430 | D:8      | Reached skill level 10 in Spellcasting
 11434 | D:8      | Reached XP level 10. HP: 52/52 MP: 30/31
 11610 | D:8      | Noticed a three-headed hydra
 11661 | D:8      | Killed a three-headed hydra
 11782 | D:9      | Found a blossoming altar of Fedhas.
 12521 | D:8      | Found a bloodstained altar of Trog.
 12814 | D:10     | Entered Level 10 of the Dungeon
 12878 | D:9      | Noticed Psyche
 12889 | D:9      | Killed Psyche
 13203 | D:10     | Noticed a hill giant
 13233 | D:9      | Killed a hill giant
 13958 | D:9      | Reached skill level 5 in Earth Magic
 14098 | D:9      | Received a gift from Sif Muna
 14098 | D:9      | Reached skill level 5 in Fire Magic
 14696 | D:10     | You fall through a shaft!
 14913 | D:10     | Reached XP level 11. HP: 57/57 MP: 27/32
 14985 | D:10     | Found a staircase to the Lair.
 16138 | Lair:1   | Entered Level 1 of the Lair of Beasts
 16176 | Lair:2   | Learned a level 5 spell: Ignite Poison
 16239 | Lair:1   | Reached skill level 5 in Invocations
 16321 | Lair:1   | Found a frozen archway.
 16489 | Lair:1   | Reached skill level 11 in Spellcasting
 17045 | Lair:1   | Noticed an eight-headed hydra
 17131 | Lair:1   | Reached skill level 5 in Summonings
 17207 | Lair:1   | Slain by an eight-headed hydra

Action                   |  1- 3 |  4- 6 |  7- 9 | 10-12 || total
-------------------------+-------+-------+-------+-------++-------
Melee: Dagger            |     2 |     3 |       |       ||     5
       Short sword       |       |     4 |   126 |    78 ||   208
 Cast: Magic Dart        |   100 |   127 |   399 |   205 ||   831
       Mephitic Cloud    |     1 |     5 |    24 |     8 ||    38
       Blink             |     1 |     2 |    18 |    12 ||    33
       Conjure Flame     |       |     6 |    45 |    73 ||   124
       Repel Missiles    |       |     2 |       |       ||     2
       Call Imp          |       |     5 |       |       ||     5
       Petrify           |       |       |       |     5 ||     5
       Ignite Poison     |       |       |       |    12 ||    12
       Summon Forest     |       |       |       |     3 ||     3
Invok: Channel Energy    |       |       |     2 |       ||     2
Evoke: Wand              |       |       |       |     3 ||     3
  Use: Scroll            |       |    10 |     8 |     5 ||    23
       Potion            |       |       |     1 |     1 ||     2
 Stab: Sleeping          |     1 |       |     2 |     1 ||     4
       Confused          |       |       |     3 |       ||     3
       Petrifying        |       |       |       |     1 ||     1
  Eat: Chunk             |     4 |     6 |    22 |    19 ||    51
       Fruit             |       |       |       |     1 ||     1
